 Dungeon Crawl Stone Soup version 0.30-a0-924-g0ad0bf95bc (webtiles) character file.

Game seed: 2211059656861066365

209 jlumianski the Trooper (level 5, -5/42 HPs)
             Began as a Demonspawn Fighter on Mar 22, 2023.
             Splashed by a jelly's acid (10 damage)
             ... on level 4 of the Dungeon.
             The game lasted 00:12:32 (2324 turns).

jlumianski the Trooper (Demonspawn Fighter)         Turns: 2324, Time: 00:12:33

Health: -5/42      AC:  6    Str: 19    XL:     5   Next: 55%
Magic:  5/5        EV:  9    Int:  9    God:
Gold:   52         SH:  8    Dex: 12    Spells: 4/4 levels left

rFire   . . .      SeeInvis .    a - +0 war axe
rCold   . . .      Faith    .    c - +0 buckler
rNeg    . . .      Spirit   .    b - +0 scale mail
rPois   .          Reflect  .    (no helmet)
rElec   .          Rampage  .    (no cloak)
rCorr   .                        (no gloves)
Will    .....                    (no boots) Stlth
                                 (no amulet)
HPRegen 0.27/turn                (no ring)
MPRegen 0.18/turn                (no ring)

@: no status effects
A: large bone plates 1, magic regeneration
a: no special abilities


You were on level 4 of the Dungeon.
You visited 1 branch of the dungeon, and saw 4 of its levels.

You collected 164 gold pieces.
You spent 112 gold pieces at shops.

Inventory:

Hand Weapons
 a - a +0 war axe (weapon)
Missiles
 e - 58 stones (quivered)
Armour
 b - a +0 scale mail (worn)
 c - a +0 buckler (worn)
Wands
 p - a wand of polymorph (1)
Scrolls
 g - 6 scrolls of teleportation
 h - a scroll of magic mapping
 i - a scroll of amnesia {unknown}
 k - a scroll of blinking {unknown}
 n - a scroll of fear {unknown}
 o - a scroll of enchant armour {unknown}
 r - 3 scrolls of poison {unknown}
Potions
 d - 4 potions of might
 f - a potion of degeneration
 j - a potion of attraction
 l - a potion of lignification
 m - 3 potions of flight
 q - a potion of haste {unknown}


   Skills:
 * Level 3.9 Fighting
 + Level 3.2 Axes
 + Level 3.4 Armour
 - Level 1.3 Dodging
 + Level 3.5 Shields


You had 4 spell levels left.
You didn't know any spells.
Your spell library contained the following spells:

 Spells                   Type           Power      Damage    Failure   Level
 Sting                    Tmut/Pois      0%         1d3       85%         1
 Poisonous Vapours        Pois/Air       0%         N/A       94%         2
 Olgreb's Toxic Radiance  Pois           0%         N/A       100%        4


Dungeon Overview and Level Annotations

Branches:
Dungeon (4/15)
 Temple: D:4-7

Altars:

Shops:
D:3 :**

Annotations:
D:4 Eustachio


Innate Abilities, Weirdness & Mutations

You are partially covered in large bone plates. (SH +4)
You regenerate magic rapidly.


Message History

There is a stone staircase leading up, spattered with blood here.
You see here a +0 trident.
An orc priest comes into view. It is wielding a +0 club.
The orc priest shouts!
The orc priest mumbles some strange prayers to Beogh against you.
Pain shoots through your body!
The orc shouts!
You hit the orc priest.
The orc priest is lightly wounded.
The orc priest calls down the wrath of Beogh upon you.
You barely resist. You closely miss the orc priest.
The orc priest is lightly wounded.
The orc priest completely misses you. You block the orc priest's attack.
You closely miss the orc priest.
The orc priest is lightly wounded.
The orc priest hits you but does no damage.
You hit the orc priest.
The orc priest is lightly wounded.
The orc priest mumbles some strange prayers to Beogh against you.
You barely resist.
The orc priest invokes the aid of Beogh against you.
Beogh smites you!
* * * LOW HITPOINT WARNING * * *
You closely miss the orc priest.
The orc priest is lightly wounded.
The orc priest hits you but does no damage.
Okay, then.
Aiming: Polymorph
Press: ? - help, Shift-Dir - straight line, f - orc priest
Aim: an orc priest, wielding a +0 club (lightly wounded, will become a jelly, a hound, or a howler monkey, chance to affect: 49%)
The orc priest evaporates and reforms as a jelly!
The jelly hits you.
* * * LOW HITPOINT WARNING * * *
You are splashed with acid.
* * * LOW HITPOINT WARNING * * *
The jelly attacks as you move away! The jelly hits you.
* * * LOW HITPOINT WARNING * * *
You are splashed with acid!
You die...

#)# #.# #.#
#<# #)# .# #
#.# .# .#
#.####.##.#
#.##......# #
#@##......#.#
#J##........#
#.##.>....###
#.o).........
#####.###.###
##.. ...#
..... ...###


You could see a jelly and an orc.

Vanquished Creatures
  A jelly (D:3)
  A hound (D:3)
  4 gnolls (D:2)
  3 adders
  A worm (D:4)
  2 dart slugs
  2 orcs
  4 ball pythons
  7 bats
  11 endoplasms
  4 giant cockroaches
  5 goblins
  2 hobgoblins
  3 jackals (D:1)
  6 quokkas
  6 frilled lizards
  9 kobolds
  6 rats
77 creatures vanquished.

Notes
Turn   | Place    | Note
-------+----------+-------------------------------------------
     0 | D:1      | jlumianski the Demonspawn Fighter began the quest for the
                  | Orb.
     0 | D:1      | Reached XP level 1. HP: 18/18 MP: 1/1
    54 | D:2      | Gained mutation: You are partially covered in large bone
                  | plates. (SH +4) [demonic ancestry]
    54 | D:2      | Reached XP level 2. HP: 24/24 MP: 2/2
   255 | D:1      | Gained mutation: You regenerate magic rapidly. [demonic
                  | ancestry]
   255 | D:1      | Reached XP level 3. HP: 29/29 MP: 3/3
   915 | D:3      | Reached skill level 1 in Dodging
   915 | D:3      | Reached XP level 4. HP: 22/35 MP: 4/4
   917 | D:3      | Found Ewnirikk's Book Boutique.
   977 | D:4      | Noticed an ogre
  1277 | D:3      | Found Wiuxzehy's Assorted Antiques.
  1282 | D:3      | Bought a glass wand for 112 gold pieces
  1354 | D:2      | Reached XP level 5. HP: 29/42 MP: 5/5
  1805 | D:4      | Noticed Eustachio
  2208 | D:3      | Found Wiureops's Assorted Antiques.
  2324 | D:4      | Splashed by a jelly's acid

Illustrated notes

Levels and vault maps discovered:
D:1:      amcnicky_arrival_single_pillar, layout_rooms
D:2:      layout_rooms
D:3:      layout_basic, nicolae_elyvilon_peaceful_grove, serial_shops,
          nicolae_shop_behind_doors, nicolae_shop_advertising_works
          [nicolae_subvault_shop_adworks], nicolae_diamond_shop,
          nicolae_shop_hallway_stairs, minmay_door_square,
          dreamdust_mushroom_princess
D:4:      layout_loops_ring, kennysheep_mini, st_stairs_14, uniq_duvessa,
          uniq_eustachio, uniq_pikel

Skill      XL: |  1  2  3  4  5 |
---------------+----------------+-----
Armour         | 3 |  3.4
Axes           | 2 3 |  3.2
Shields        | 3 |  3.5
Dodging        | 1 |  1.3
Fighting       | |  3.9

Action                     |  1- 3 |  4- 6 || total
---------------------------+-------+-------++-------
  Melee: War axe           |   168 |    97 ||   265
  Throw: Stone             |     2 |     2 ||     4
  Evoke: Wand              |       |     1 ||     1
    Use: Scroll            |       |     5 ||     5
         Potion            |       |     1 ||     1
 Armour: Scale mail        |    96 |    50 ||   146
  Dodge: Dodged            |    83 |    61 ||   144
  Block: Buckler           |    76 |    51 ||   127

Table legend: (Time is in decaauts)
 A = Elapsed time spent in this place.
 B = Non-inter-level travel time spent in this place.
 C = Inter-level travel time spent in this place.
 D = Time resting spent in this place.
 E = Time spent auto-exploring this place.
 F = Levels seen in this place.
 G = Mean time per level.
                   A        B        C        D        E       F      G
               +--------+--------+--------+--------+--------+-----+--------+
         Total |   2442 |   2391 |     51 |    124 |   1051 |   4 |  610.5 |
       Dungeon |   2442 |   2391 |     51 |    124 |   1051 |   4 |  610.5 |
               +--------+--------+--------+--------+--------+-----+--------+

Top non-repeatable levels by time:
     D:3: 921 daAuts
     D:1: 788 daAuts
     D:2: 596 daAuts
     D:4: 137 daAuts
